 Dungeon Crawl Stone Soup version 0.29-a0-653-gd47aff6735 (webtiles) character file.

Game seed: 6997947056347912995

66789 HoaS the Brawler (level 15, -15/92 HPs)
             Began as a Tengu Berserker on June 21, 2022.
             Was a High Priest of Trog.
             Demolished by a cyan very ugly thing (21 damage)
             ... on level 2 of the Abyss.
             The game lasted 00:44:43 (17017 turns).

HoaS the Brawler (Tengu Berserker)                 Turns: 17017, Time: 00:44:43

Health: -15/92     AC: 23    Str: 21 (23) XL:     15   Next: 21%
Magic:  16/16      EV: 24    Int:  3      God:    Trog [*****.]
Gold:   1167       SH:  0    Dex: 15      Spells: 14/14 levels left

rFire   + . .      SeeInvis .     - Unarmed
rCold   + . .      Faith    .   (no shield)
rNeg    . . .      Spirit   .   v - +7 chain mail of Opocsubo {rF+ rC+ Str+3 Int-2}
rPois   .          Reflect  .   B - +2 hat
rElec   .          Harm     .   D - +1 cloak
rCorr   .          Rampage  .   (no gloves)
Will    +++..                   (boots unavailable)
Stlth   ..........              m - amulet of regeneration
HPRegen 2.05/turn               H - +4 ring of evasion
MPRegen 0.15/turn               y - +4 ring of evasion

@: strong-willed, flying quickly and evasively, regenerating, quick
A: beak, talons 3, nimble flight, [dopey 1], [frail 1], [screaming 1], [weak 2],
[subdued magic 1]
a: Renounce Religion, Berserk, Trog's Hand, Brothers in Arms


You were on level 2 of the Abyss.
You worshipped Trog.
Trog was extremely pleased with you.
You visited 2 branches of the dungeon, and saw 17 of its levels.
You visited the Abyss 1 time.
You also visited: Ossuary.

You collected 1167 gold pieces.

Inventory:

Missiles
 e - 2 throwing nets
Armour
 v - the +7 chain mail of Opocsubo (worn) {rF+ rC+ Str+3 Int-2}
   (You found it on level 9 of the Dungeon)

   Str:       It affects your strength (+3).
   Int:       It affects your intelligence (-2).
   rF:        It protects you from fire.
   rC:        It protects you from cold.
 B - a +2 hat (worn)
 D - a +1 cloak (worn)
Jewellery
 m - an amulet of regeneration (around neck)
 t - a +6 ring of strength
 w - a ring of willpower
 y - a +4 ring of evasion (right hand)
 C - a ring of ice
 G - a ring of poison resistance
 H - a +4 ring of evasion (left hand)
Wands
 a - a wand of mindburst (2)
 h - a wand of polymorph (6)
 i - a wand of paralysis (9)
 q - a wand of light (8)
 u - a wand of flame (31) (quivered)
Scrolls
 c - 2 scrolls of blinking
 g - 6 scrolls of teleportation
 x - a scroll of poison
 A - 2 scrolls of fog
 F - a scroll of magic mapping
Potions
 b - 6 potions of lignification
 d - 10 potions of curing
 f - 3 potions of heal wounds
 j - 2 potions of resistance
 k - a potion of berserk rage {unknown}
 l - 5 potions of invisibility
 n - 3 potions of mutation
 o - 3 potions of might
 r - 2 potions of haste {unknown}
 s - 2 potions of cancellation {unknown}
 z - 3 potions of attraction


   Skills:
 * Level 15.1 Fighting
 + Level 11.7 Armour
 + Level 11.8 Dodging
 * Level 18.1 Unarmed Combat


You had 14 spell levels left.
You didn't know any spells.
Your spell library was empty.

Dungeon Overview and Level Annotations

Branches:
Dungeon (11/15)            Temple (0/1) D:4            Lair (6/6) D:9
 Shoals (0/4) Lair:2       Spider (0/4) Lair:3        Slime (0/5) Lair:6
Ossuary (visited)
    Orc: D:9-12

Altars:
Elyvilon
Gozag
Kikubaaqudgha
Nemelex Xobeh
Trog
Uskayaw
Vehumet
Wu Jian
Xom
Yredelemnul
Jiyva

Shops:
D:7 =

Annotations:
D:11 Sonja
Lair:4 1 runed translucent door


Innate Abilities, Weirdness & Mutations

You have a beak for a mouth.
You have claws for feet.
Your magical nature lets you fly swiftly and evasively.
[You are dopey. (Int -2)]
[You are frail. (-10% HP)]
[You occasionally shout uncontrollably at your foes.]
[You are very weak. (Str -4)]
[Your spells are a little easier to cast, but a little less powerful.]


Message History

You claw the small abomination, but do no damage.
You peck the small abomination.
The small abomination is lightly damaged.
The small abomination closely misses you.
You pummel the small abomination!!
You destroy the small abomination!
Trog accepts your kill.
You punch the small abomination! You claw the small abomination.
Your peck misses the small abomination.
The small abomination is heavily damaged.
You barely miss the small abomination. Your peck misses the small abomination.
Your punch misses the small abomination.
The small abomination is heavily damaged.
The small abomination misses you.
You pummel the small abomination!!
You destroy the small abomination!
Trog accepts your kill.
You punch the cyan very ugly thing! You claw the cyan very ugly thing!
You punch the cyan very ugly thing!
The cyan very ugly thing is moderately wounded.
The cyan very ugly thing completely misses you.
You pummel the cyan very ugly thing!!
Your kick misses the cyan very ugly thing.
Your peck misses the cyan very ugly thing.
The cyan very ugly thing is heavily wounded.
The wraith closely misses you.
The cyan very ugly thing tentacle-slaps you!!
The cyan very ugly thing shocks you!!
* * * LOW HITPOINT WARNING * * *
You hit the cyan very ugly thing.
Your peck misses the cyan very ugly thing.
The cyan very ugly thing is heavily wounded.
The wraith hits you but does no damage.
You punch the cyan very ugly thing!
Your kick misses the cyan very ugly thing.
The cyan very ugly thing is severely wounded.
The cyan very ugly thing tentacle-slaps you.
* * * LOW HITPOINT WARNING * * *
The cyan very ugly thing shocks you!!
You die...

## #...#..
#...... .. ###
##.........
#...##........
.
...#.........
.
#.#....#......
#...........#
#..W.........
#..@u..#...#
#.).........
..>..........
#..##.........
#..#
#......... #.#
##...#.... ...
##....#.. ..
#......


You could see a cyan very ugly thing and a wraith.

Vanquished Creatures
  Gastronok (Lair:2)
  A tentacled starspawn (Abyss:2)
  A caustic shrike skeleton (Abyss:2)
  An ophan (Abyss:2)
  7 hydras
  3 boulder beetles
  3 two-headed ogres
  A death knight (Abyss:2)
  4 death yaks (Lair:6)
  A sun demon (Abyss:2)
  Amaemon (Lair:2)
  A wretched star (Abyss:2)
  A spatial maelstrom (Abyss:2)
  A lindwurm (Lair:2)
  Pikel (D:4)
  An ugly thing (D:11)
  21 elephants
  4 black mambas
  An orange demon (Lair:2)
  2 torpor snails
  10 cane toads
  2 smoke demons (Abyss:2)
  2 rime drakes
  A freezing wraith (Abyss:2)
  7 komodo dragons
  A troll (D:9)
  8 polar bears
  An ancient zyme (Abyss:2)
  4 hornets (Lair:6)
  13 blink frogs
  2 dream sheep (Lair:6)
  A jumping spider (Lair:3)
  15 spriggans
  A shadow (D:9)
  62 yaks
  10 wyverns
  A ynoxinul (Abyss:2)
  A vampire (D:10)
  Eustachio (D:6)
  2 large abominations (Abyss:2)
  4 basilisks
  A chaos spawn (Abyss:2)
  A neqoxec (Abyss:2)
  Menkaure (D:6)
  12 water moccasins
  8 small abominations (Abyss:2)
  2 sky beasts
  4 orc warriors
  14 black bears
  3 boggarts (Lair:6)
  44 wolves
  7 centaurs
  3 lemures (D:4)
  2 phantoms
  2 kobold brigands
  16 bullfrogs
  3 gnoll sergeants
  4 scorpions
  3 necrophages
  4 wights (D:10)
  15 killer bees
  An electric eel (Lair:2)
  A howler monkey (D:8)
  A centaur zombie (Ossuary)
  2 gnoll shamans (D:5)
  3 jellies
  An orc priest (D:8)
  6 hounds
  3 iguanas
  Ijyb (D:4)
  Natasha (twice) (D:2)
  3 orc wizards
  6 mummies
  5 adders
  28 gnolls
  4 white imps
  A worm (D:2)
  5 dart slugs
  22 orcs
  5 endoplasms
  3 giant cockroaches
  7 hobgoblins
  4 jackals (D:2)
  9 kobolds
  2 quokkas
  6 ball pythons
  4 bats
  3 frilled lizards
  2 gnoll zombies (Ossuary)
  6 goblins
  2 goblin zombies (Ossuary)
  4 hobgoblin zombies
  A kobold zombie (D:6)
  7 rats
  A starspawn tentacle (Abyss:2)
516 creatures vanquished.

Vanquished Creatures (collateral kills)
  2 hornets
  2 spriggans (Lair:6)
  3 wolves (Lair:6)
  A bullfrog (D:8)
8 creatures vanquished.

Vanquished Creatures (others)
  An orc (D:8)
  88 fungi
  99 plants
  3 starspawn tentacles (Abyss:2)
  2 withered plants (D:9)
193 creatures vanquished.

Grand Total: 717 creatures vanquished

Notes
Turn   | Place    | Note
-------+----------+-------------------------------------------
     0 | D:1      | HoaS the Tengu Berserker began the quest for the Orb.
     0 | D:1      | Reached XP level 1. HP: 14/14 MP: 2/2
   159 | D:1      | Reached XP level 2. HP: 16/19 MP: 3/3
   240 | D:1      | Reached skill level 4 in Unarmed Combat
   772 | D:2      | Reached ** piety under Trog
   842 | D:2      | Found a radiant altar of Vehumet.
   857 | D:2      | Reached XP level 3. HP: 23/23 MP: 4/4
  1151 | D:2      | Noticed Natasha
  1162 | D:2      | Killed Natasha
  1163 | D:2      | Reached skill level 5 in Unarmed Combat
  1163 | D:2      | Reached XP level 4. HP: 19/28 MP: 5/5
  1559 | D:2      | Found a faded altar of an unknown god.
  1809 | D:2      | Noticed Natasha
  1825 | D:2      | Killed Natasha
  1826 | D:2      | Reached skill level 6 in Unarmed Combat
  1828 | D:2      | Gained mutation: Your magical nature lets you fly swiftly
                  | and evasively. [Tengu growth]
  1828 | D:2      | Reached XP level 5. HP: 25/32 MP: 6/6
  2335 | D:3      | Found a white marble altar of Elyvilon.
  2468 | D:3      | Found an ancient bone altar of Kikubaaqudgha.
  2556 | D:4      | Noticed a black bear
  2560 | D:4      | Killed a black bear
  2561 | D:4      | Reached skill level 7 in Unarmed Combat
  2561 | D:4      | Reached XP level 6. HP: 37/37 MP: 7/7
  2681 | D:4      | Reached *** piety under Trog
  2743 | D:4      | Noticed Ijyb
  2879 | D:4      | Killed Ijyb
  2880 | D:4      | Reached skill level 8 in Unarmed Combat
  3022 | D:4      | Found an opulent altar of Gozag.
  3022 | D:4      | Found a sparkling altar of Nemelex Xobeh.
  3164 | D:4      | Reached XP level 7. HP: 41/41 MP: 8/8
  3321 | D:4      | Noticed Pikel
  3455 | D:4      | Killed Pikel
  3456 | D:4      | Reached skill level 9 in Unarmed Combat
  3456 | D:4      | Reached XP level 8. HP: 48/48 MP: 9/9
  3468 | D:4      | Found a staircase to the Ecumenical Temple.
  3644 | D:5      | Entered Level 5 of the Dungeon
  4437 | D:5      | Reached skill level 10 in Unarmed Combat
  4653 | D:5      | Reached skill level 5 in Fighting
  5184 | D:5      | Reached XP level 9. HP: 43/54 MP: 10/10
  5356 | D:6      | Found a sand-covered staircase.
  5363 | Ossuary  | Entered an ossuary
  5567 | Ossuary  | Reached **** piety under Trog
  5726 | D:6      | Noticed Menkaure
  5733 | D:6      | Killed Menkaure
  5851 | D:6      | Noticed Eustachio
  6295 | D:6      | Killed Eustachio
  6301 | D:6      | Reached skill level 11 in Unarmed Combat
  6789 | D:7      | Reached skill level 5 in Armour
  6789 | D:7      | Reached skill level 5 in Dodging
  7044 | D:7      | You are sucked into a shaft and drop 1 floor!
  7045 | D:8      | Noticed a hornet
  7050 | D:8      | Killed a hornet
  7199 | D:7      | Found Pidwud's Jewellery Shop.
  7217 | D:7      | Found an ornate altar of the Wu Jian Council.
  7298 | D:7      | Reached XP level 10. HP: 54/63 MP: 11/11
  7524 | D:7      | Found a hide-covered altar of Uskayaw.
  7700 | D:8      | Found a bloodstained altar of Trog.
  7825 | D:8      | Reached ***** piety under Trog
  8099 | D:8      | Noticed a two-headed ogre
  8102 | D:8      | Killed a two-headed ogre
  8103 | D:8      | Reached skill level 12 in Unarmed Combat
  8943 | D:9      | Found a basalt altar of Yredelemnul.
  8995 | D:9      | Identified the +7 chain mail of Opocsubo {rF+ rC+ Str+3
                  | Int-2}
  9085 | D:9      | Reached XP level 11. HP: 65/71 MP: 12/12
  9186 | D:9      | Reached skill level 13 in Unarmed Combat
  9222 | D:9      | Found a staircase to the Lair.
  9311 | D:9      | Noticed a boulder beetle
  9329 | D:9      | Killed a boulder beetle
  9373 | D:9      | Found a shimmering altar of Xom.
  9485 | D:10     | Entered Level 10 of the Dungeon
  9503 | D:10     | Noticed a two-headed ogre
  9511 | D:10     | Killed a two-headed ogre
  9535 | Lair:1   | Entered Level 1 of the Lair of Beasts
  9555 | Lair:1   | Reached skill level 10 in Fighting
 10453 | Lair:2   | Noticed a lindwurm
 10551 | Lair:2   | Noticed Amaemon
 10566 | Lair:2   | Reached skill level 14 in Unarmed Combat
 10566 | Lair:2   | Reached XP level 12. HP: 75/79 MP: 13/13
 10578 | Lair:2   | Killed Amaemon
 11031 | Lair:2   | Found a staircase to the Shoals.
 11051 | Lair:2   | Noticed Gastronok
 11074 | Lair:2   | Killed Gastronok
 11115 | Lair:2   | Received a gift from Trog
 11736 | Lair:3   | Reached skill level 15 in Unarmed Combat
 11963 | Lair:3   | Found a hole to the Spider Nest.
 12462 | Lair:4   | Reached XP level 13. HP: 86/86 MP: 14/14
 12951 | Lair:4   | Received a gift from Trog
 12951 | Lair:4   | Found the +11 plutonium sword {Contam Stlth-}
 12981 | Lair:4   | Found a runed translucent door.
 13591 | Lair:5   | Reached skill level 10 in Dodging
 13605 | Lair:5   | Reached skill level 16 in Unarmed Combat
 13631 | Lair:5   | Reached skill level 10 in Armour
 14274 | Lair:6   | Entered Level 6 of the Lair of Beasts
 14348 | Lair:6   | Found a staircase to the Slime Pits.
 14349 | Lair:6   | Found a viscous altar of Jiyva.
 14620 | Lair:6   | Reached XP level 14. HP: 70/94 MP: 15/15
 14797 | Lair:6   | Reached skill level 17 in Unarmed Combat
 14985 | Lair:6   | Reached ****** piety under Trog
 14991 | Lair:6   | Received a gift from Trog
 16234 | D:10     | Received a gift from Trog
 16585 | D:11     | Noticed Sonja
 16602 | D:11     | Cast into level 2 of the Abyss (Sonja)
 16665 | Abyss:2  | Noticed an ophan
 16675 | Abyss:2  | Killed an ophan
 16676 | Abyss:2  | Reached XP level 15. HP: 101/101 MP: 16/16
 16772 | Abyss:2  | Noticed a tentacled starspawn
 16785 | Abyss:2  | Killed a tentacled starspawn
 16786 | Abyss:2  | Reached skill level 15 in Fighting
 16786 | Abyss:2  | Reached skill level 18 in Unarmed Combat
 16950 | Abyss:2  | Found a corrupted altar of Lugonu.
 17017 | Abyss:2  | Demolished by a cyan very ugly thing

Illustrated notes

Levels and vault maps discovered:
D:1:      dpeg_arrival_rhombus, layout_basic, nicolae_figureground_pulse
D:2:      layout_basic, basic_altar,
          dreamdust_ecumenical_altar_hidden_monk_grotto, minmay_bisected,
          uniq_natasha
D:3:      layout_rooms, lemuel_doored_altar, nicolae_elyvilon_temple_path
D:4:      cheibrodos_helix_gallery, layout_basic,
          grunt_temple_overflow_opulence, lemuel_temple_firewalk_b, uniq_pikel,
          uniq_ijyb
D:5:      layout_cave_pods
D:6:      layout_loops_ring, nicolae_ossuary_entry_giza, uniq_eustachio,
          uniq_menkaure
D:7:      layout_basic, nicolae_uskayaw_dance_hall,
          pdpol_wu_jian_five_deadly_venoms, serial_shops, kennysheep_mini_moat
D:8:      layout_basic, mainiacjoe_overflow_tiny_flanked, enter_bailey_4
D:9:      layout_gridville, yredelemnul_altar_generic, kennysheep_mini,
          due_lair_maze_entry_diamond
D:10:     layout_cave_pools
D:11:     layout_basic, serial_rivers, chequers_serial_rivers_micro_b,
          chequers_serial_rivers_micro_c, chequers_serial_rivers_small_a,
          chequers_serial_rivers_small_3, zin_purify, uniq_sonja
Lair:1:   layout_regular_city
Lair:2:   layout_regular_city, minmay_shoals_entry_centaurs,
          serial_bayou_shore_a, uniq_gastronok, uniq_amaemon
Lair:3:   layout_concentric_octagons, spider_nest_entry_a,
          grunt_forest_stairs_clearing, grunt_megastairs_3
Lair:4:   layout_cave_pods, pf_torpor_hydra, lemuel_fruit_tree,
          infiniplex_staircase_pool_2
Lair:5:   layout_roguey, grunt_megastairs_2
Lair:6:   minmay_lair_end_enchanted_forest, layout_loops_ring, slime_altar_1,
          minivault_27
Abyss:2:  base: Temple, evilmike_abyss_exit_16, evilmike_abyss_exit_14,
          evilmike_abyss_exit_vortex

Skill      XL: |  1  2  3  4  5  6  7  8  9 10 11 12 13 14 15 |
---------------+----------------------------------------------+-----
Unarmed Combat | 4 5 6 7 8 9 10 11 12 14 15 16 17 18 | 18.1
Fighting       | 4 5 7 9 10 12 13 14 15 | 15.1
Armour         | 3 4 5 6 8 9 10 11 | 11.7
Dodging        | 3 4 5 6 8 9 10 11 | 11.8

Action                   |  1- 3 |  4- 6 |  7- 9 | 10-12 | 13-15 || total
-------------------------+-------+-------+-------+-------+-------++-------
Melee: Unarmed           |    72 |   110 |   229 |   519 |   735 ||  1665
       Peck              |    10 |     6 |    46 |   111 |   186 ||   359
       Kick              |    12 |    23 |    69 |   167 |   291 ||   562
       Punch             |       |     2 |    12 |    36 |    72 ||   122
Throw: Throwing net      |       |       |       |     1 |       ||     1
Invok: Berserk           |       |     1 |     1 |     5 |     3 ||    10
       Trog's Hand       |       |       |       |     3 |     4 ||     7
       Brothers in Arms  |       |       |       |       |     1 ||     1
Evoke: Wand              |       |     1 |     5 |     4 |     1 ||    11
  Use: Scroll            |     3 |     7 |    10 |     5 |     4 ||    29
       Potion            |       |       |       |     2 |     3 ||     5
 Stab: Sleeping          |     1 |       |       |       |       ||     1
       Paralysed         |       |       |     6 |       |       ||     6
Armor: Animal skin       |     5 |       |       |       |       ||     5
       Scale mail        |    17 |    28 |    57 |    47 |       ||   149
       Chain mail        |       |       |       |   128 |   225 ||   353
Dodge: Dodged            |    29 |    48 |   103 |   418 |   652 ||  1250
Block: Other             |       |    11 |    29 |       |       ||    40
       Reflection        |       |     1 |     1 |       |       ||     2

Table legend: (Time is in decaauts)
 A = Elapsed time spent in this place.
 B = Non-inter-level travel time spent in this place.
 C = Inter-level travel time spent in this place.
 D = Time resting spent in this place.
 E = Time spent auto-exploring this place.
 F = Levels seen in this place.
 G = Mean time per level.
                   A        B        C        D        E       F      G
               +--------+--------+--------+--------+--------+-----+--------+
         Total |  15690 |  14982 |    708 |   2845 |   8689 |  19 |  825.8 |
       Dungeon |   9204 |   8782 |    422 |   2218 |   4675 |  11 |  836.7 |
          Lair |   5861 |   5576 |    285 |    585 |   3701 |   6 |  976.8 |
         Abyss |    359 |    359 |      0 |     12 |    213 |   1 |  359.0 |
       Ossuary |    265 |    265 |      0 |     30 |     98 |   1 |  265.0 |
               +--------+--------+--------+--------+--------+-----+--------+

Top non-repeatable levels by time:
     D:5: 1803 daAuts
  Lair:6: 1428 daAuts
     D:2: 1264 daAuts
     D:4: 1094 daAuts
  Lair:2: 1087 daAuts
  Lair:4: 978 daAuts
     D:8: 952 daAuts
  Lair:1: 871 daAuts
     D:7: 806 daAuts
     D:6: 780 daAuts
  Lair:3: 763 daAuts
  Lair:5: 732 daAuts
     D:1: 721 daAuts
     D:9: 681 daAuts
     D:3: 607 daAuts
